 Dungeon Crawl Stone Soup version 0.15.2 (webtiles) character file.

523346 Iskender the Faith Healer (level 26, -13/301 HPs)
             Began as a Formicid Healer on Dec 29, 2014.
             Was a High Priest of Elyvilon.
             Killed from afar by an orb of fire (25 damage)
             ... with a bolt of fire
             ... on Level 12 of a ziggurat on Jan 7, 2015.
             The game lasted 12:24:04 (58597 turns).

Iskender the Faith Healer (Formicid Healer)        Turns: 58597, Time: 12:24:05

HP -13/301       AC 41     Str 26      XL: 26   Next: 66%
MP  53/58        EV 20     Int 11 (12) God: Elyvilon [*****.]
Gold 1897        SH 20     Dex 17      Spells:  4 memorised, 19 levels left

rFire  + . .     SeeInvis +     a - +8 mithril axe "Arga" {speed, MR+ Str+2}
rCold  + . .     Clarity  .     U - +14 plate armour of the Sunfish {rElec rN+ Slay+3 SInv}
rNeg   + . .     rCorr    +     g - +5 shield {reflect}
rPois  +         rRot     .     (helmet unavailable)
rElec  +         Spirit   .     E - +3 cloak of Flash {+Fly EV+4}
SustAb .         Warding  .     T - +2 pair of gloves
rMut   +         Stasis   +     L - +0 pair of boots
Gourm  .                        G - amulet of resist mutation
MR     +++..                    w - ring "Hodeh" {EV+3 Dex+2 Stlth+}
                                S - +3 ring of slaying

@: divinely vigorous, resistant, studying Axes, extremely resistant to hostile
enchantments, extremely unstealthy
A: permanent stasis, dig shafts and tunnels, four strong arms, antennae 3,
poison resistance
a: Dig, Shaft Self, Lesser Healing, Lesser Self-Healing, Divine Protection,
Purification, Greater Healing, Greater Self-Healing, Divine Vigour, Renounce
Religion, Evoke Flight
}: 3/15 runes: serpentine, barnacled, silver


You were on level 12 of a ziggurat.
You worshipped Elyvilon.
Elyvilon was extremely pleased with you.
You were full.

You visited 9 branches of the dungeon, and saw 53 of its levels.
You visited 1 Ziggurat, and saw 12 of its levels.
You also visited: Volcano.

You collected 5236 gold pieces.
You spent 3339 gold pieces at shops.

Inventory:

Hand weapons
 a - the +8 mithril axe "Arga" (weapon) {speed, MR+ Str+2}
   (You found it on level 8 of the Lair of Beasts)

   Attacks with this weapon are significantly faster.
   It affects your strength (+2).
   It affects your resistance to hostile enchantments.
Armour
 g - a +5 shield of reflection (worn)
 D - a +8 chain mail of fire resistance
 E - the +3 cloak of Flash (worn) {+Fly EV+4}
   (You bought it in a shop on level 11 of the Dungeon)

   It affects your evasion (+4).
   It lets you fly.
 L - a +0 pair of boots (worn)
 T - a +2 pair of gloves (worn)
 U - the +14 plate armour of the Sunfish (worn) {rElec rN+ Slay+3 SInv}
   (You found it on level 10 of a ziggurat)

   It affects your accuracy and damage with ranged weapons and melee attacks
   (+3).
   It insulates you from electricity.
   It protects you from negative energy.
   It enhances your eyesight.
Magical devices
 j - a wand of digging (21)
 m - a wand of fire (9)
 B - a wand of fire (8)
 C - a wand of fire (9)
 H - a wand of cold (8)
 Y - a wand of fire (8)
Comestibles
 d - 18 bread rations
 h - 39 meat rations
 X - 26 fruits
Scrolls
 b - 2 scrolls of holy word
 e - 2 scrolls of fear
 f - 8 scrolls of fog
 t - a scroll of summoning
 u - 2 scrolls of silence
 A - 3 scrolls of identify
 F - 4 scrolls of recharging
 O - 3 scrolls of vulnerability
 P - 2 scrolls of magic mapping
 V - 14 scrolls of remove curse
Jewellery
 c - an uncursed ring of protection from cold
 l - an uncursed amulet of faith
 q - an uncursed amulet of guardian spirit
 w - the ring "Hodeh" (right hand) {EV+3 Dex+2 Stlth+}
   (You found it on level 2 of the Depths)

   [ring of evasion]

   It affects your evasion (+3).
   It affects your dexterity (+2).
   It makes you more stealthy.
 y - the amulet "Twuehe" {Gourm rF+}
   (You found it on level 3 of the Depths)

   [amulet of the gourmand]

   It allows you to eat raw meat even when not hungry.
   It protects you from fire.
 z - the ring of Setauf {+/*Tele rC+}
   (You took it off a spriggan defender on level 2 of the Depths)

   [ring of teleportation]

   It causes random teleportation, and can be evoked to teleport at will.
   It protects you from cold.
 G - an amulet of resist mutation (around neck)
 S - a +3 ring of slaying (left hand)
Potions
 i - 3 potions of cancellation
 k - 2 potions of magic
 p - 9 potions of curing
 v - 9 potions of brilliance
 I - a potion of porridge
 M - 2 potions of agility
 N - 7 potions of heal wounds
 Q - 2 potions of invisibility
 R - a potion of might
 W - 8 potions of restore abilities
Books
 o - a manual of Axes
Miscellaneous
 n - an ornate deck of summonings {Repulsiveness}
 x - an ornate deck of changes {the Potion, drawn: 4}
 J - an ornate deck of defence {the Blade}
 K - an ornate deck of defence {the Alchemist}
 Z - a lamp of fire
Rods
 r - a +9 lightning rod (17/17)
   (You found it on level 6 of the Lair of Beasts)


   Skills:
 - Level 15.0 Fighting
 - Level 17.3(18.1) Axes
 - Level 9.6(14.9) Maces & Flails
   Level 6.0(8.7) Staves
 + Level 16.2 Armour
 - Level 12.1 Dodging
 - Level 3.4 Stealth
 - Level 15.0 Shields
 - Level 6.4 Charms
 - Level 6.0 Translocations
 - Level 2.0 Air Magic
 O Level 27 Invocations


You had 19 spell levels left.
You knew the following spells:

 Your Spells              Type           Power        Failure   Level  Hunger
a - Apportation           Tloc           ##........   17%         1    ##.....
b - Repel Missiles        Chrm/Air       #.....       63%         2    ###....
c - Shroud of Golubria    Chrm/Tloc      ##........   28%         2    ###....
R - Summon Butterflies    Summ           #.......     99%         1    ##.....


Dungeon Overview and Level Annotations

Branches:
Dungeon (15/15)            Temple (1/1) D:7             Orc (4/4) D:10
   Lair (8/8) D:10         Shoals (5/5) Lair:4        Snake (5/5) Lair:5
  Slime (0/6) Lair:8       Vaults (5/5) D:14          Crypt (0/3) Vaults:3
 Depths (5/5) D:15            Zot (5/5) Depths:5
    Elf: Orc:3-4

Altars:
Fedhas
Kikubaaqudgha
Makhleb
Okawaru
Sif Muna
Trog
Vehumet
Yredelemnul
Beogh
Lugonu

Shops:
D:9 =   D:11 ([(}   D:15 }   Orc:4 (**%   Shoals:2 ?   Shoals:5 ?   Snake:4 ?[*
Vaults:2 :   Vaults:4 }![=   Depths:1 }   Depths:5 }

Portals:
Hell: Depths:1 Depths:2 Depths:3 Depths:4 Depths:5
Abyss: Depths:2 Depths:4
Pandemonium: Depths:1 Depths:3

Annotations:
Snake:4 fda
Vaults:2 exclusion: silver statue


Innate Abilities, Weirdness & Mutations

Your are under a permanent stasis effect.
You can dig through walls and to a lower floor.
Your four strong arms can wield two-handed weapons with a shield.
You have a pair of large antennae on your head (SInv).
Your system is resistant to poisons.


Message History

The fire elemental completely resists.
The bolt of fire hits you! You resist.
* * * LOW HITPOINT WARNING * * *
There is a gate leading back out of here here.
You see here the +0 Staff of Olgreb {rPois}.
Use which ability? (? or * to list)
You are healed.
You feel quite a bit less full.
The boulder beetle smashes into the boring beetle!
The boulder beetle stops rolling.
The orb of fire glows bright magenta.
The bolt of fire hits the fire dragon.
The fire dragon resists.
The bolt of fire hits the fire elemental.
The fire elemental completely resists.
The bolt of fire hits you! You resist.
* * * LOW HITPOINT WARNING * * *
The fire elemental closely misses you. You block the efreet's attack.
The hell hound closely misses the orb of fire.
The orb of fire glows yellow.
The bolt of fire hits the fire dragon.
The fire dragon resists.
The bolt of fire misses the fire elemental.
The bolt of fire hits you! You resist.
You die...

..........▓
▓▓..............
▓▓...............
▓▓................
▓.........k.......
▓▓.........§§h.....
▓..h..§§§§§..R{*...
▓§§E§.RB..#..##.C..
▓▓§@RD§§CBB§# #{{..
▓§§§EDDR§..#B
{#.... ▓▓§§§D.*C..#
{ #....
▓..§§§*h..#####....
▓....§...%.........
▓▓.................
▓.................
▓▓................
▓▓...............


You could see 2 orbs of fire, 2 fire giants, 4 fire dragons, 2 boulder beetles,
a boring beetle, 3 efreet, 2 fire elementals, a hell hound and a neutral hell
hound.

Vanquished Creatures
  An ancient lich (Vaults:5)
  Saint Roka (Snake:2)
  The ghost of Turgon the Impaler, a great DsWr of Makhleb (Zig:9)
  The ghost of Kite the Axe Maniac, a great MiBe of Trog (Shoals:2)
  An electric golem (Zot:1)
  5 tentacled monstrosities
  6 titans
  2 sphinxes
  6 liches
  An octopode crusher (Depths:4)
  Agnes (Vaults:1)
  2 shadow dragons (Depths:2)
  A thorn hunter (Zig:11)
  A draconian monk (Depths:5)
  12 fire giants
  7 tengu reavers
  10 frost giants
  2 ghost moths
  15 vault wardens
  2 balrugs
  A deep elf sorcerer (Vaults:2)
  An iron dragon (Vaults:5)
  A ghost moth (shapeshifter) (Vaults:5)
  An orc warlord (Vaults:4)
  A cacodemon (Vaults:5)
  A greater naga (Snake:5)
  4 emperor scorpions
  The ghost of bernadottes the Grappler, a powerful TrCK of Xom (Lair:4)
  A spriggan defender (Depths:2)
  A draconian annihilator (Depths:5)
  A war gargoyle (Vaults:5)
  A very ugly thing (Vaults:3)
  An ophan (Zig:1)
  24 stone giants
  A vampire knight (Depths:2)
  2 grey draconians (Depths:5)
  2 deep elf demonologists
  A black draconian (Zot:2)
  2 deep elf annihilators
  A purple draconian (Depths:5)
  14 ettins
  A mottled draconian (Zot:1)
  2 deep elf death magi
  3 crystal guardians (Vaults:4)
  5 merfolk javelineers
  4 minotaurs
  32 vault guards
  A green death (Depths:3)
  13 yaktaur captains
  9 ironheart preservers
  2 rakshasas
  7 merfolk impalers
  7 fire dragons
  An ice dragon (Vaults:1)
  5 great orbs of eyes
  A ravenous feature mimic (Depths:4)
  3 naga warriors
  Nessos (D:13)
  3 ravenous item mimics
  13 ogre magi
  2 anacondas (Snake:3)
  A satyr (Shoals:4)
  6 deep troll shamans
  5 centaur warriors
  7 death yaks
  A vampire mage (Depths:3)
  2 tengu warriors (Depths:5)
  The ghost of dysrexia the Severer, an experienced HOBe of Trog (D:9)
  3 naga sharpshooters
  2 deep troll earth magi
  A spriggan berserker (Depths:4)
  2 thrashing horrors (Zig:4)
  A harpy (shapeshifter) (Vaults:2)
  A soul eater (Vaults:2)
  3 sun demons
  A catoblepas (D:14)
  Nergalle (D:14)
  8 deep elf knights
  A gelid demonspawn (Depths:3)
  A small abomination (Vaults:5)
  9 hell knights
  2 large abominations (Zig:4)
  10 skeletal warriors
  2 giant orange brains
  6 flayed ghosts
  2 shadow wraiths (Vaults:1)
  2 ice devils
  3 deep elf summoners
  A sea snake (Shoals:1)
  5 salamander mystics
  A fire crab (shapeshifter) (D:14)
  An orb spider (Zig:7)
  4 hill giants
  8 deep trolls
  A tengu zombie (Vaults:3)
  A harpy (Shoals:5)
  A golden dragon skeleton (Depths:1)
  10 ironbrand convokers
  A sphinx zombie (Vaults:3)
  3 necromancers
  3 phantasmal warriors (Vaults:5)
  15 orc knights
  6 fauns
  6 red wasps
  2 deep elf conjurers (Vaults:4)
  20 ugly things
  2 mana vipers
  5 salamanders
  An orc sorcerer (Vaults:4)
  A shadow demon (Vaults:5)
  2 tengu skeletons (Vaults:5)
  2 moths of wrath
  A manticore (Shoals:5)
  3 oklob plants (Zig:10)
  10 elephants (Lair:8)
  A salamander (shapeshifter) (D:13)
  A frost giant zombie (Zig:5)
  5 wolf spiders
  3 drowned souls (Shoals:5)
  3 cyclopes
  7 griffons
  5 mermaids
  A fire giant skeleton (Depths:1)
  An apocalypse crab (Zig:4)
  13 vault sentinels
  12 black mambas
  An octopode (shapeshifter) (Vaults:1)
  A mermaid (shapeshifter) (Vaults:3)
  50 yaktaurs
  A guardian serpent (Snake:4)
  5 torpor snails
  3 spiny frogs (Lair:8)
  5 naga magi (Snake:5)
  A death yak zombie (Zig:3)
  A queen ant (D:8)
  A gargoyle (D:14)
  The ghost of chlorine the Shooter, an experienced HEHu of Yredelemnul (D:5)
  2 kobold demonologists
  3 iron devils
  2 hellwings
  10 freezing wraiths
  A hell beast (Zig:6)
  2 red devils
  33 merfolk
  3 guardian mummies (Zig:3)
  A blue devil (Vaults:2)
  4 giant leeches (Zig:8)
  2 jumping spiders (Zig:7)
  6 trolls
  3 polar bears
  16 slime creatures
  16 two-headed ogres
  A giant leech (shapeshifter) (D:13)
  A fire dragon zombie (D:14)
  2 boulder beetles
  A raiju (shapeshifter) (Vaults:5)
  4 blink frogs
  A spriggan (shapeshifter) (Depths:1)
  2 redbacks
  4 air elementals
  A flying skull (Zig:5)
  A snapping turtle (Shoals:4)
  2 vampires
  A shadow (D:12)
  4 trapdoor spiders
  4 deep elf magi
  A spriggan skeleton (Zig:5)
  A wraith (D:12)
  2 tarantellas (Zig:7)
  A wyvern (D:15)
  3 hogs (Snake:4)
  An ice dragon skeleton (Depths:1)
  21 water elementals
  7 yaks
  7 hippogriffs
  An elf simulacrum (Vaults:3)
  A yaktaur simulacrum (Vaults:5)
  A golden eye (shapeshifter) (Vaults:3)
  13 vampire mosquitoes
  A neqoxec (Depths:3)
  10 wolves
  13 deep elf fighters
  10 water moccasins
  A hippogriff (shapeshifter) (Depths:1)
  9 nagas
  4 wargs
  19 soldier ants (D:8)
  An ogre skeleton (D:15)
  A black bear (Lair:8)
  7 porcupines
  A mottled dragon (Vaults:2)
  An ettin simulacrum (Vaults:3)
  24 orc warriors
  2 phantoms
  A necrophage (D:9)
  8 spiders (Snake:5)
  A spriggan simulacrum (Depths:1)
  A yellow wasp (D:13)
  26 ogres
  A boring beetle (Lair:8)
  6 centaurs
  3 boggarts (Vaults:2)
  5 crocodiles (Lair:8)
  A brain worm (shapeshifter) (Depths:3)
  3 big kobolds
  A brain worm (D:14)
  7 giant frogs
  2 komodo dragon zombies (Lair:5)
  20 killer bees
  A wyvern skeleton (D:6)
  2 yaktaur skeletons
  An eye of draining (D:12)
  A yak zombie (D:11)
  The ghost of Aargh the Skirmisher, a weakling DrAK of Lugonu (D:4)
  9 scorpions
  A wight (Depths:3)
  An eye of draining (shapeshifter) (Vaults:2)
  A quasit (D:15)
  5 crimson imps
  6 jellies
  A giant frog zombie (D:5)
  5 orc priests
  7 iguanas
  An iron imp (Vaults:2)
  6 spectral orcs (D:14)
  35 worker ants
  7 orc wizards
  Natasha (thrice) (D:4)
  7 hounds
  5 orange rats
  18 sheep
  A shapeshifter simulacrum (D:14)
  A killer bee zombie (D:8)
  An ogre zombie (D:7)
  Ijyb (D:2)
  2 mummies (Zig:3)
  6 gnolls
  15 adders
  44 green rats
  A scorpion zombie (D:7)
  2 giant mites
  3 orc skeletons
  4 shadow imps
  A goliath beetle zombie (D:5)
  2 worms (D:2)
  6 ufetubi
  A giant gecko (D:2)
  52 orcs
  9 bats
  A bat zombie (D:8)
  3 giant cockroaches
  10 hobgoblins
  12 kobolds
  9 quokkas
  2 giant newts
  A giant spore (D:13)
  8 goblins
  A kobold zombie (D:6)
  An orc zombie (D:7)
  6 rats
  A rat skeleton (D:6)
  2 ballistomycetes (D:13)
  7 fungi
  16 plants
1317 creatures vanquished.

Vanquished Creatures (others)
  A golden dragon (Depths:3)
  Vashnia (Snake:5)
  2 titans (Vaults:5)
  3 deep elf master archers (Zig:11)
  A storm dragon (Vaults:5)
  A shadow dragon (Vaults:5)
  Kirke (Snake:4)
  2 tengu reavers (Depths:1)
  2 deep elf sorcerers (Depths:2)
  2 fire giants
  2 greater nagas
  2 frost giants
  A vault warden (Vaults:5)
  A grey draconian (Depths:5)
  A very ugly thing (Depths:5)
  A vampire knight (Depths:2)
  6 stone giants
  2 deep elf demonologists (Vaults:5)
  A dire elephant (Depths:3)
  A deep elf annihilator (Depths:3)
  A mottled draconian (Depths:5)
  A yellow draconian (Depths:5)
  A white draconian (Depths:5)
  An ettin (Vaults:5)
  A green death (Zig:8)
  2 merfolk javelineers
  A yaktaur captain (Zig:9)
  3 fire dragons
  A vault guard (D:14)
  A minotaur (Depths:2)
  3 deep elf high priests
  A great orb of eyes (Depths:2)
  2 naga warriors
  An ironheart preserver (Zig:9)
  A ravenous item mimic (Depths:2)
  An ice dragon (Depths:2)
  2 spriggan air magi
  2 centaur warriors
  A deep troll earth mage (Depths:5)
  A merfolk aquamancer (Shoals:4)
  9 anacondas
  4 ogre magi
  4 spriggan berserkers
  11 death yaks
  5 naga sharpshooters
  3 shock serpents
  3 naga ritualists
  2 deep troll shamans
  A fire crab (Zig:9)
  A deep elf knight (Vaults:5)
  3 hell knights
  A salamander mystic (Snake:5)
  A fire crab (shapeshifter) (Depths:2)
  An orb spider (Zig:7)
  2 mana vipers
  A swamp dragon (Zig:8)
  A giant orange brain (Depths:5)
  A wizard (Depths:1)
  2 deep trolls (Depths:4)
  2 hill giants (D:14)
  5 necromancers
  Psyche (D:8)
  An ironbrand convoker (Vaults:1)
  A red wasp (Vaults:5)
  2 oklob plants (Zig:10)
  A harpy (Shoals:2)
  13 ugly things
  4 salamanders
  3 lindwurms (Snake:5)
  An orc knight (Orc:4)
  A harpy (shapeshifter) (Vaults:5)
  An orc sorcerer (Volcano)
  A faun (Shoals:1)
  A manticore (Shoals:1)
  A mermaid (Shoals:1)
  An elephant (shapeshifter) (Depths:2)
  3 guardian serpents
  A vault sentinel (Vaults:5)
  3 drowned souls
  11 black mambas
  2 kobold demonologists (Vaults:1)
  A spiny frog (Lair:5)
  5 naga magi
  A yaktaur (shapeshifter) (D:15)
  2 fire drakes (Zig:12)
  3 efreet
  12 yaktaurs
  A deep elf priest (Vaults:5)
  A baby alligator (shapeshifter) (Depths:3)
  A wind drake (shapeshifter) (Depths:1)
  5 merfolk
  A wind drake (Shoals:4)
  A bog body (Zig:8)
  3 two-headed ogres
  2 basilisks
  A redback (shapeshifter) (Vaults:5)
  2 water elementals (Shoals:5)
  A fire elemental (D:8)
  A spriggan (Depths:2)
  5 yaks
  A ynoxinul (Depths:3)
  4 hippogriffs
  9 wolves
  2 deep elf fighters
  A swamp worm (shapeshifter) (D:15)
  A yaktaur simulacrum (Zig:2)
  11 nagas
  A water moccasin (shapeshifter) (Depths:2)
  A soldier ant (D:8)
  5 water moccasins
  2 swamp drakes (Zig:8)
  A hell hound (Zig:12)
  A yellow wasp (Depths:2)
  10 orc warriors
  A lost soul (Vaults:5)
  8 centaurs
  5 ogres
  A giant frog (Zig:8)
  An insubstantial wisp (Zig:8)
  An eye of draining (D:13)
  A scorpion (D:12)
  2 wights
  A quasit (Depths:3)
  A lava snake (Volcano)
  An electric eel (Lair:5)
  5 orc priests
  An iguana (D:9)
  A lightning spire (Zig:11)
  5 orc wizards
  3 worker ants
  A sheep (Lair:5)
  A hound skeleton (D:7)
  5 gnolls
  8 green rats
  An ufetubus (Depths:3)
  A giant gecko (D:2)
  34 orcs
  3 bats
  2 goblins
  11 kobolds
  2 quokkas
  2 ball pythons (D:1)
  A giant newt (D:1)
  A kobold zombie (D:6)
  2 rats
  A briar patch (Zig:11)
  11 butterflies (Depths:1)
  A crawling corpse (Vaults:5)
  4 fungi
  14 plants
  16 tentacles
  22 tentacle segments
459 creatures vanquished.

Grand Total: 1776 creatures vanquished

Notes
Turn   | Place    | Note
--------------------------------------------------------------
     0 | D:1      | Iskender, the Formicid Healer, began the quest for the Orb.
     0 | D:1      | Reached XP level 1. HP: 15/15 MP: 2/2
   102 | D:1      | Reached skill level 4 in Invocations
   102 | D:1      | Reached XP level 2. HP: 21/21 MP: 5/5
   521 | D:1      | Reached XP level 3. HP: 26/26 MP: 7/7
  1126 | D:2      | Noticed Jessica
  1147 | D:2      | Pacified Jessica
  1147 | D:2      | Reached skill level 5 in Invocations
  1223 | D:2      | Reached skill level 1 in Axes
  1261 | D:2      | Reached XP level 4. HP: 32/32 MP: 9/9
  1483 | D:2      | Noticed Ijyb
  1488 | D:2      | You fall through a shaft for 2 floors!
  1488 | D:4      | Noticed Aargh's ghost (weakling DrAK)
  1491 | D:4      | You fall through a shaft!
  1491 | D:5      | Entered Level 5 of the Dungeon
  1491 | D:5      | Noticed chlorine's ghost (experienced HEHu)
  1649 | D:5      | You fall through a shaft for 2 floors!
  1741 | D:7      | Got a faintly glowing ivory amulet
  1742 | D:7      | Identified the amulet of Xun Rao {Gourm rF+ rC- rN+} (You found it on level 7 of the Dungeon)
  1797 | D:6      | Reached XP level 5. HP: 18/37 MP: 9/12
  2069 | D:6      | Reached skill level 1 in Staves
  2168 | D:6      | Noticed a giant frog
  2175 | D:6      | Pacified a giant frog
  2175 | D:6      | Reached XP level 6. HP: 30/43 MP: 10/14
  2566 | D:6      | Noticed an orc warrior
  2784 | D:5      | Got a warped leather armour
  2828 | D:4      | Identified the +1 leather armour of Qazlal's Favour {Dex-3} (You found it on level 5 of the Dungeon)
  3213 | D:2      | Found an iron altar of Okawaru.
  3214 | D:2      | Found a basalt altar of Yredelemnul.
  3917 | D:4      | Reached XP level 7. HP: 48/48 MP: 15/15
  4743 | D:4      | Reached skill level 6 in Invocations
  4939 | D:2      | Killed Ijyb
  5528 | D:7      | Acquired Elyvilon's third power
  5650 | D:7      | Noticed a giant frog
  5654 | D:7      | Pacified a giant frog
  5654 | D:7      | Reached skill level 5 in Staves
  5673 | D:7      | Reached XP level 8. HP: 54/54 MP: 20/20
  5919 | D:7      | Noticed an ice beast
  5921 | D:7      | Reached skill level 7 in Invocations
  5961 | D:7      | Pacified an ice beast
  6181 | D:7      | Found a staircase to the Ecumenical Temple.
  6188 | Temple   | Entered the Ecumenical Temple
  6280 | D:8      | Reached skill level 8 in Invocations
  6283 | D:8      | Noticed Duvessa
  6313 | D:8      | Found a burning altar of Makhleb.
  6442 | D:8      | Reached skill level 9 in Invocations
  6841 | D:8      | Reached XP level 9. HP: 52/59 MP: 21/23
  6842 | D:8      | Noticed Grum
  6843 | D:8      | Pacified Grum
  6843 | D:8      | Reached skill level 10 in Invocations
  6949 | D:8      | Found a bloodstained altar of Trog.
  7008 | D:8      | Noticed Dowan
  7017 | D:8      | Pacified Dowan
  7017 | D:8      | Pacified Duvessa
  7018 | D:8      | Pacified Dowan
  7018 | D:8      | Pacified Duvessa
  7039 | D:8      | Pacified Duvessa
  7039 | D:8      | Pacified Dowan
  7047 | D:8      | Pacified Duvessa
  7047 | D:8      | Pacified Dowan
  7069 | D:8      | Pacified Duvessa
  7069 | D:8      | Pacified Dowan
  7325 | D:8      | Noticed Psyche
  7326 | D:8      | Pacified Psyche
  7326 | D:8      | Reached skill level 11 in Invocations
  7358 | D:8      | Killed Psyche
  7670 | D:9      | Reached skill level 12 in Invocations
  7809 | D:9      | Noticed dysrexia's ghost (experienced HOBe)
  8112 | D:9      | Found Gifop's Jewellery Boutique.
  8339 | D:9      | Found an ancient bone altar of Kikubaaqudgha.
  8341 | D:9      | Found a deep blue altar of Sif Muna.
  8409 | D:9      | Reached XP level 10. HP: 36/65 MP: 27/27
  8552 | D:10     | Entered Level 10 of the Dungeon
  8711 | D:10     | Reached skill level 13 in Invocations
  8790 | D:10     | Found a staircase to the Lair.
  8796 | D:10     | Reached skill level 14 in Invocations
  9147 | D:10     | Found a staircase to the Orcish Mines.
  9263 | D:10     | Reached skill level 1 in Maces & Flails
  9319 | Lair:1   | Entered Level 1 of the Lair of Beasts
  9458 | Lair:1   | Noticed an eight-headed hydra
  9460 | Lair:1   | Pacified an eight-headed hydra
  9656 | Lair:1   | Noticed a six-headed hydra
  9657 | Lair:1   | Pacified a six-headed hydra
  9657 | Lair:1   | Reached skill level 5 in Maces & Flails
 10343 | Lair:2   | Reached XP level 11. HP: 70/70 MP: 29/29
 10345 | Lair:2   | Acquired Elyvilon's fourth power
 10360 | Lair:2   | Found a dark tunnel.
 10377 | Volcano  | Entered a volcano
 10439 | Volcano  | Noticed a lasher statue
 10439 | Volcano  | Noticed a lasher statue
 10440 | Volcano  | Noticed a lasher statue
 10440 | Volcano  | Noticed a lasher statue
 10441 | Volcano  | Noticed a lasher statue
 10443 | Volcano  | Noticed a lasher statue
 10464 | Volcano  | Found a bloodstained altar of Trog.
 10464 | Volcano  | Noticed an orc sorcerer
 10465 | Volcano  | Pacified an orc sorcerer
 10495 | Volcano  | Killed an orc sorcerer
 10962 | Lair:2   | Reached skill level 15 in Invocations
 11981 | Lair:4   | Reached XP level 12. HP: 65/76 MP: 31/31
 12105 | Lair:4   | Noticed a six-headed hydra
 12107 | Lair:4   | Pacified a six-headed hydra
 12165 | Lair:4   | Reached skill level 16 in Invocations
 12264 | Lair:4   | Noticed a death yak
 12269 | Lair:4   | Pacified a death yak
 12271 | Lair:4   | Noticed a death yak
 12271 | Lair:4   | Pacified a death yak
 12272 | Lair:4   | Noticed a death yak
 12272 | Lair:4   | Pacified a death yak
 12283 | Lair:4   | Got a steaming leather armour
 12297 | Lair:4   | Identified the +0 leather armour "Skozecof" {+Inv rN+} (You found it on level 4 of the Lair of Beasts)
 12315 | Lair:4   | Noticed a death yak
 12318 | Lair:4   | Pacified a death yak
 12438 | Lair:4   | Noticed bernadottes' ghost (powerful TrCK)
 12494 | Lair:4   | HP: 1/76 [bernadottes' ghost (40)]
 12763 | Lair:4   | Noticed a manticore
 12765 | Lair:4   | Noticed a griffon
 12766 | Lair:4   | Pacified a manticore
 12767 | Lair:4   | Pacified a griffon
 12767 | Lair:4   | Reached skill level 17 in Invocations
 12768 | Lair:4   | Noticed a griffon
 12769 | Lair:4   | Pacified a griffon
 12773 | Lair:4   | Found a staircase to the Shoals.
 13359 | Lair:5   | Found a staircase to the Snake Pit.
 13833 | D:7      | Killed an orc warrior
 13906 | D:6      | Reached skill level 1 in Shields
 14040 | D:5      | Killed chlorine's ghost
 14085 | D:4      | Noticed Natasha
 14088 | D:4      | Killed Natasha
 14207 | D:4      | Noticed Natasha
 14214 | D:4      | Killed Natasha
 14389 | D:4      | Noticed Natasha
 14397 | D:4      | Killed Natasha
 14482 | D:4      | Killed Aargh's ghost
 14712 | D:8      | Noticed a queen ant
 14743 | D:8      | Killed a queen ant
 14752 | D:8      | Reached skill level 5 in Shields
 14890 | D:8      | Reached XP level 13. HP: 69/81 MP: 30/32
 15351 | D:9      | Killed dysrexia's ghost
 15464 | D:9      | Found Gifop's Jewellery Boutique.
 15866 | D:9      | Found a deep blue altar of Sif Muna.
 15876 | D:9      | Found an ancient bone altar of Kikubaaqudgha.
 15940 | Lair:1   | Noticed a seven-headed hydra
 15941 | Lair:1   | Pacified a seven-headed hydra
 16485 | Lair:6   | Reached skill level 1 in Armour
 16746 | Lair:6   | Noticed a great orb of eyes
 16746 | Lair:6   | a wolf spider changed into a great orb of eyes
 16749 | Lair:6   | Pacified a great orb of eyes
 17378 | Lair:7   | Reached skill level 5 in Armour
 17915 | Lair:8   | Entered Level 8 of the Lair of Beasts
 18392 | Lair:8   | Reached skill level 18 in Invocations
 18640 | Lair:8   | Found a staircase to the Slime Pits.
 18877 | Lair:8   | Reached skill level 5 in Axes
 18892 | Lair:8   | Reached XP level 14. HP: 35/88 MP: 31/34
 18938 | Lair:8   | Got an ichor-stained plate armour
 18968 | Lair:8   | Identified the +4 plate armour "Twyroar" {+Rage} (You found it on level 8 of the Lair of Beasts)
 19454 | Snake:1  | Entered Level 1 of the Snake Pit
 19464 | Snake:1  | Reached skill level 10 in Shields
 19577 | Snake:1  | Noticed a greater naga
 19580 | Snake:1  | Pacified a greater naga
 20731 | Snake:2  | Found a bloodstained altar of Trog.
 20944 | Snake:2  | Noticed Saint Roka
 21359 | D:11     | Found Nuutycuc's Armour Shoppe.
 21371 | D:11     | Bought the +3 cloak of Flash {+Fly EV+4} for 590 gold pieces
 21417 | D:11     | Found Lajyiny's Antique Weapon Boutique.
 21605 | D:11     | Found Yracwia's Antique Weapon Shoppe.
 21944 | D:11     | Found Wuidauf's Gadget Shop.
 22225 | D:12     | Noticed Sonja
 22227 | D:12     | Pacified Sonja
 22316 | D:12     | Reached XP level 15. HP: 93/93 MP: 35/35
 22935 | D:12     | Learned a level 1 spell: Apportation
 22937 | D:12     | Learned a level 1 spell: Summon Butterflies
 24190 | D:13     | Noticed Nessos
 24234 | D:13     | Killed Nessos
 24715 | D:14     | Noticed Nergalle
 24798 | D:14     | Killed Nergalle
 25006 | D:14     | Reached skill level 15 in Shields
 25037 | D:14     | Reached skill level 1 in Translocations
 25171 | D:14     | Found a gate to the Vaults.
 25336 | D:14     | Reached skill level 10 in Axes
 25563 | D:15     | Entered Level 15 of the Dungeon
 25594 | D:15     | Found Yre Psuwk's Gadget Shoppe.
 25651 | D:15     | Learned a level 2 spell: Shroud of Golubria
 26107 | D:15     | Found a staircase to the Depths.
 26349 | D:15     | Was placed under penance by Elyvilon
 26351 | D:15     | Identified 2 scrolls of acquirement
 26626 | Orc:1    | Entered Level 1 of the Orcish Mines
 26662 | Orc:1    | Reached XP level 16. HP: 88/99 MP: 36/36
 26841 | Orc:2    | Noticed Maurice
 26842 | Orc:2    | Pacified Maurice
 26858 | Orc:2    | Was forgiven by Elyvilon
 26909 | Orc:3    | Found a roughly hewn altar of Beogh.
 26926 | Orc:4    | Entered Level 4 of the Orcish Mines
 27117 | Orc:4    | Found Throhais' Assorted Antiques.
 27117 | Orc:4    | Found Kehe's General Store.
 27131 | Orc:4    | Found Riuqolic's Antique Weapon Boutique.
 27133 | Orc:4    | Found Mnalac's Food Emporium.
 27152 | Orc:4    | Bought a scroll of identify for 68 gold pieces
 27152 | Orc:4    | Bought a scroll of identify for 68 gold pieces
 27159 | Orc:4    | Bought an ornate deck of wonders for 260 gold pieces
 27159 | Orc:4    | Bought a scroll of enchant weapon for 97 gold pieces
 27161 | Orc:4    | Bought a scroll of enchant armour for 255 gold pieces
 27560 | Lair:4   | Killed bernadottes' ghost
 27695 | Shoals:1 | Entered Level 1 of the Shoals
 27888 | Shoals:1 | Noticed Nikola
 27912 | Shoals:2 | Found Wucsacs' Magic Scroll Shop.
 27931 | Shoals:2 | Reached skill level 19 in Invocations
 27972 | Shoals:2 | Noticed Kite's ghost (great MiBe)
 28457 | Shoals:1 | Pacified Nikola
 29507 | Shoals:4 | Noticed Louise
 29896 | Shoals:4 | Noticed a kraken
 29900 | Shoals:4 | Pacified a kraken
 29925 | Shoals:4 | Pacified Louise
 30297 | D:12     | Reached XP level 17. HP: 87/104 MP: 37/37
 30356 | Depths:1 | Entered Level 1 of the Depths
 30614 | Depths:1 | Found a one-way gate leading to the halls of Pandemonium.
 30637 | Depths:1 | Noticed a lich
 30657 | Depths:1 | Killed a lich
 31029 | Depths:1 | Reached skill level 15 in Axes
 31921 | Depths:1 | Found Tok Ymoog's Gadget Emporium.
 31983 | Depths:1 | Noticed an octopode crusher
 31988 | Depths:1 | Pacified an octopode crusher
 32050 | Depths:1 | Got a pair of pitted gloves
 32056 | Depths:1 | Identified the -3 pair of gloves of Grottiness {Str+3 Dex+2 Int+3} (You acquired it on level 1 of the Depths)
 32069 | Depths:1 | Found a gateway to Hell.
 32453 | Depths:1 | Reached XP level 18. HP: 39/110 MP: 38/38
 32574 | Depths:1 | Got a flickering silver amulet
 32583 | Depths:1 | Identified the cursed amulet of Omozarudi {Inacc Str+3 Int+3} (You found it on level 1 of the Depths)
 33152 | Depths:2 | Reached skill level 20 in Invocations
 33190 | Depths:2 | Found a radiant altar of Vehumet.
 33324 | Depths:2 | Noticed a tentacled monstrosity
 33516 | Depths:2 | Found a one-way gate to the infinite horrors of the Abyss.
 33539 | Depths:2 | Killed a tentacled monstrosity
 33547 | Depths:2 | Found an iron altar of Okawaru.
 33547 | Depths:2 | Found a blossoming altar of Fedhas.
 33980 | Depths:2 | Noticed a lich
 34006 | Depths:2 | Killed a lich
 34287 | Depths:2 | Noticed a tentacled monstrosity
 34389 | Depths:2 | Killed a tentacled monstrosity
 34389 | Depths:2 | Reached skill level 10 in Armour
 34575 | Depths:2 | Reached skill level 5 in Translocations
 34699 | Depths:2 | Reached XP level 19. HP: 50/115 MP: 34/38
 34786 | Depths:2 | Got a warped bone ring
 34789 | Depths:2 | Identified the ring "Hodeh" {EV+3 Dex+2 Stlth+} (You found it on level 2 of the Depths)
 34947 | Depths:2 | Noticed a lich
 34947 | Depths:2 | Noticed a tentacled monstrosity
 35879 | Depths:2 | Reached skill level 5 in Dodging
 36147 | Depths:2 | Killed a lich
 36159 | Depths:2 | Was placed under penance by Elyvilon
 36178 | Depths:2 | Got a wavering platinum ring
 36180 | Depths:2 | Identified the ring of Setauf {+/*Tele rC+} (You took it off a spriggan defender on level 2 of the Depths)
 36351 | Depths:2 | Killed a tentacled monstrosity
 36563 | Depths:3 | Was forgiven by Elyvilon
 36777 | Depths:3 | You fall through a shaft for 2 floors!
 36777 | Depths:5 | Entered Level 5 of the Depths
 36854 | Depths:5 | Reached skill level 21 in Invocations
 37321 | Depths:5 | Got a faintly humming chain mail
 37349 | Depths:5 | Identified the +0 chain mail of Qazlal's Benevolence {+Rage rF+ Str-1 Int+1 Stlth+} (You found it on level 5 of the Depths)
 37475 | Depths:5 | Reached skill level 1 in Charms
 37781 | Depths:4 | Reached XP level 20. HP: 68/121 MP: 38/40
 39118 | Depths:4 | Found a corrupted altar of Lugonu.
 39897 | Depths:5 | Found Traliata's Gadget Emporium.
 40078 | Depths:5 | Found a gateway to a ziggurat.
 40101 | Depths:5 | Reached skill level 22 in Invocations
 40566 | Depths:5 | Found a gate to the Realm of Zot.
 40812 | Depths:3 | Reached skill level 5 in Fighting
 41029 | Depths:3 | Noticed a tentacled monstrosity
 41029 | Depths:3 | Noticed a golden dragon
 41031 | Depths:3 | Pacified a golden dragon
 41036 | Depths:3 | Killed a golden dragon
 41269 | Depths:3 | Killed a tentacled monstrosity
 41305 | Depths:3 | Got a wavering iron amulet
 41310 | Depths:3 | Identified the amulet "Twuehe" {Gourm rF+} (You found it on level 3 of the Depths)
 41558 | Depths:3 | Reached XP level 21. HP: 122/149 MP: 41/41
 42522 | Depths:4 | Noticed a lich
 42529 | Depths:4 | Killed a lich
 42550 | Depths:4 | Found Pnuaba's Food Boutique.
 42552 | Depths:4 | Pnuaba's Food Boutique was a mimic.
 42808 | Depths:4 | Was placed under penance by Elyvilon
 42819 | Depths:4 | Was forgiven by Elyvilon
 43442 | Shoals:2 | Killed Kite's ghost
 43806 | Shoals:5 | Entered Level 5 of the Shoals
 44039 | Shoals:5 | Noticed Ilsuiw
 44165 | Shoals:5 | Pacified Ilsuiw
 44255 | Shoals:5 | Got a barnacled rune of Zot
 44463 | Shoals:5 | Found Okol's Magic Scroll Emporium.
 44468 | Shoals:5 | Reached skill level 23 in Invocations
 44519 | Shoals:5 | Bought 2 scrolls of identify for 60 gold pieces
 44519 | Shoals:5 | Bought a scroll of magic mapping for 52 gold pieces
 44519 | Shoals:5 | Bought a scroll of enchant armour for 112 gold pieces
 44551 | Shoals:5 | Bought a scroll of identify for 30 gold pieces
 44551 | Shoals:5 | Bought a scroll of identify for 30 gold pieces
 44551 | Shoals:5 | Bought a scroll of identify for 30 gold pieces
 44941 | Snake:2  | Killed Saint Roka
 45537 | Snake:3  | Reached XP level 22. HP: 124/157 MP: 38/42
 45894 | Snake:4  | Noticed Kirke
 45908 | Snake:4  | Killed Kirke
 45908 | Snake:4  | Reached skill level 24 in Invocations
 46082 | Snake:4  | Found Woulid's Magic Scroll Shoppe.
 46088 | Snake:4  | Bought a scroll of identify for 32 gold pieces
 46090 | Snake:4  | Bought a scroll of identify for 32 gold pieces
 46090 | Snake:4  | Bought a scroll of identify for 32 gold pieces
 46323 | Snake:4  | Found Cixzi's General Store.
 46397 | Snake:4  | Found Muifiank's Antique Armour Shop.
 46402 | Snake:4  | Bought a twisted shield for 351 gold pieces
 46415 | Snake:4  | Identified the cursed -5 shield of Kleptomania {Dex+2 Int+4} (You bought it in a shop on level 4 of the Snake Pit)
 46548 | Snake:5  | Entered Level 5 of the Snake Pit
 47116 | Snake:5  | Noticed Vashnia
 47155 | Snake:5  | Killed Vashnia
 47539 | Snake:5  | Reached skill level 15 in Armour
 47789 | Snake:5  | Got a serpentine rune of Zot
 48133 | D:9      | Bought an uncursed amulet of resist mutation for 640 gold pieces
 48258 | Vaults:1 | Entered Level 1 of the Vaults
 48440 | Vaults:1 | Noticed Wiglaf
 48445 | Vaults:1 | Pacified Wiglaf
 48533 | Vaults:1 | Noticed Agnes
 48548 | Vaults:1 | Killed Agnes
 49297 | Vaults:1 | Reached skill level 25 in Invocations
 49802 | Vaults:2 | Reached XP level 23. HP: 151/162 MP: 43/43
 49923 | Vaults:2 | Gained mutation: You have very sharp teeth. [potion of beneficial mutation]
 50002 | Vaults:2 | Gained mutation: You possess an exceptional clarity of mind. [potion of beneficial mutation]
 50006 | Vaults:2 | Identified the Papyrus of Companions
 50724 | Vaults:2 | Found Bluucyfu's Book Shop.
 51734 | Vaults:3 | Reached skill level 26 in Invocations
 51941 | Vaults:3 | Found a staircase to the Crypt.
 51941 | Vaults:3 | Found an ancient bone altar of Kikubaaqudgha.
 51941 | Vaults:3 | Found a basalt altar of Yredelemnul.
 52982 | Vaults:4 | Reached skill level 27 in Invocations
 53088 | Vaults:4 | Found Yxky's Distillery.
 53109 | Vaults:4 | Reached XP level 24. HP: 169/169 MP: 44/44
 53126 | Vaults:4 | Bought a potion of experience for 600 gold pieces
 53130 | Vaults:4 | Reached XP level 25. HP: 175/175 MP: 45/45
 53144 | Vaults:4 | Found Chikhlig's Antique Armour Boutique.
 53359 | Vaults:4 | Found Wuutanopt's Jewellery Shop.
 53411 | Vaults:4 | Reached skill level 10 in Dodging
 53549 | Vaults:4 | Found Nialismo's Gadget Shoppe.
 54141 | Vaults:5 | Entered Level 5 of the Vaults
 54162 | Vaults:5 | Reached skill level 10 in Fighting
 54641 | Vaults:5 | Gained mutation: You are clumsy. (Dex -2) [a cacodemon]
 54825 | Vaults:5 | Got a pair of fine gloves
 54836 | Vaults:5 | Identified the cursed -5 pair of gloves of Listlessness {Slay+3} (You found it on level 5 of the Vaults)
 54850 | Vaults:5 | Lost mutation: You are clumsy. (Dex -2) [potion of cure mutation]
 54850 | Vaults:5 | Lost mutation: You possess an exceptional clarity of mind. [potion of cure mutation]
 54850 | Vaults:5 | Lost mutation: You have very sharp teeth. [potion of cure mutation]
 54985 | Vaults:5 | Identified the Reference Book on Hexes
 54988 | Vaults:5 | Got a wavering granite ring
 54991 | Vaults:5 | Identified the ring "Kupe" {Wiz Str+3 Dex+2 Int+3} (You found it on level 5 of the Vaults)
 55426 | Vaults:5 | Identified the Reference Book on Self-Improvement (You found it on level 5 of the Vaults)
 55430 | Vaults:5 | Learned a level 2 spell: Repel Missiles
 55433 | Vaults:5 | Identified the Disquisition on Cold and Shape Shifting (You found it on level 5 of the Vaults)
 55582 | Vaults:5 | Noticed an ancient lich
 55604 | Vaults:5 | Killed an ancient lich
 55604 | Vaults:5 | Reached XP level 26. HP: 129/300 MP: 48/58
 55620 | Vaults:5 | Got a silver rune of Zot
 55662 | Vaults:5 | Reached skill level 15 in Fighting
 56306 | Zot:1    | Entered Level 1 of the Realm of Zot
 57201 | Zot:5    | Entered Level 5 of the Realm of Zot
 57314 | Zig:1    | Entered Level 1 of a ziggurat
 57344 | Zig:2    | Entered Level 2 of a ziggurat
 57361 | Zig:3    | Entered Level 3 of a ziggurat
 57390 | Zig:4    | Entered Level 4 of a ziggurat
 57436 | Zig:5    | Entered Level 5 of a ziggurat
 57472 | Zig:5    | Got a sparkling platinum ring
 57476 | Zig:5    | Identified the ring of the Bull {Wiz Str+1 Int+3} (You found it on level 5 of a ziggurat)
 57483 | Zig:6    | Entered Level 6 of a ziggurat
 57533 | Zig:6    | Identified a +2 rod of clouds (12/12) (You found it on level 6 of a ziggurat)
 57556 | Zig:7    | Entered Level 7 of a ziggurat
 57577 | Zig:7    | Reached skill level 1 in Air Magic
 57647 | Zig:7    | Got a fine amber ring
 57649 | Zig:7    | Identified the ring "Paov" {-Cast rPois rN+ Int+2} (You found it on level 7 of a ziggurat)
 57656 | Zig:7    | Got an ichor-stained chain mail
 57682 | Zig:7    | Identified the cursed -3 chain mail of the Evil One {rC++ Stlth++} (You found it on level 7 of a ziggurat)
 57732 | Zig:8    | Entered Level 8 of a ziggurat
 57829 | Zig:9    | Entered Level 9 of a ziggurat
 57831 | Zig:9    | Noticed Turgon's ghost (great DsWr)
 57873 | Zig:9    | Reached skill level 5 in Charms
 57919 | Zig:9    | Killed Turgon's ghost
 58132 | Zig:10   | Entered Level 10 of a ziggurat
 58261 | Zig:10   | Got a twisted mottled dragon armour
 58277 | Zig:10   | Identified the +3 mottled dragon armour of Soplo {+Fly} (You found it on level 10 of a ziggurat)
 58286 | Zig:10   | Got an ichor-stained plate armour
 58294 | Zig:10   | Identified the +14 plate armour of the Sunfish {rElec rN+ Slay+3 SInv} (You found it on level 10 of a ziggurat)
 58300 | Zig:11   | Entered Level 11 of a ziggurat
 58426 | Zig:11   | Gained mutation: Your system is resistant to poisons. [potion of beneficial mutation]
 58437 | Zig:11   | Got a shimmering steel ring
 58440 | Zig:11   | Identified the ring of Hotuenol {Str+5 Int+1 SInv} (You found it on level 11 of a ziggurat)
 58557 | Zig:12   | Entered Level 12 of a ziggurat
 58565 | Zig:12   | Noticed an orb of fire
 58569 | Zig:12   | Noticed an orb of fire
 58597 | Zig:12   | HP: 12/301 [orb of fire/bolt of fire (40)]
 58597 | Zig:12   | Killed from afar by an orb of fire

Action                   |  1- 3 |  4- 6 |  7- 9 | 10-12 | 13-15 | 16-18 | 19-21 | 22-24 | 25-27 || total
-------------------------+-------+-------+-------+-------+-------+-------+-------+-------+-------++-------
Melee: Dagger            |    60 |       |       |       |       |       |       |       |       ||    60
       Short sword       |    28 |       |       |       |       |       |       |       |       ||    28
       Hand axe          |     9 |    37 |       |       |       |       |       |       |       ||    46
       Quarterstaff      |       |    78 |   215 |    26 |       |       |       |       |       ||   319
       Whip              |       |       |       |   700 |   583 |       |       |       |       ||  1283
       Broad axe         |       |       |       |       |   977 |  1166 |  1173 |  1242 |   795 ||  5353
       Rod               |       |       |       |       |       |       |   212 |       |       ||   212
       Lajatang          |       |       |       |       |       |       |       |     6 |       ||     6
 Fire: Hunting sling     |       |     1 |   124 |    12 |       |       |       |       |       ||   137
Throw: Stone             |    46 |    46 |     4 |       |       |       |       |       |       ||    96
       Javelin           |       |    25 |    51 |       |       |       |       |       |       ||    76
 Cast: Apportation       |       |       |       |       |       |    23 |    20 |    26 |    37 ||   106
       Summon Butterflie |       |       |       |       |       |     5 |     2 |       |       ||     7
       Shroud of Golubri |       |       |       |       |       |     3 |     4 |     2 |     4 ||    13
Invok: Lesser Healing    |    18 |    39 |   103 |   172 |   245 |   302 |   357 |   200 |    73 ||  1509
       Lesser Self-Heali |       |     5 |     2 |     2 |     1 |     1 |       |       |       ||    11
       Greater Healing   |       |       |    27 |    12 |    26 |    47 |    62 |    28 |    50 ||   252
       Purification      |       |       |     2 |     2 |     2 |     1 |     2 |       |       ||     9
       Greater Self-Heal |       |       |     1 |     8 |     7 |    38 |    41 |     8 |    19 ||   122
       Divine Vigour     |       |       |       |     1 |       |     2 |     1 |       |     5 ||     9
 Abil: Dig               |     4 |     9 |    15 |    13 |    56 |    29 |    30 |     9 |     5 ||   170
       Shaft Self        |       |     3 |       |       |       |       |     1 |       |       ||     4
       Evoke Flight      |       |       |       |       |     1 |    14 |     8 |     3 |       ||    26
       Evoke Teleportati |       |       |       |       |       |       |     1 |       |       ||     1
       End Transformatio |       |       |       |       |       |       |       |     1 |       ||     1
Evoke: Wand              |       |       |     9 |     8 |    10 |    14 |     1 |     3 |     4 ||    49
       Lamp of fire      |       |       |       |     1 |     1 |       |     2 |       |       ||     4
       Rod               |       |       |       |       |    10 |     6 |    41 |    15 |    14 ||    86
       Deck              |       |       |       |       |       |     4 |     3 |     4 |     4 ||    15
  Use: Potion            |     2 |     1 |       |     2 |     5 |    11 |     4 |     4 |     9 ||    38
       Scroll            |       |     7 |     7 |     8 |    14 |    11 |    14 |    12 |    27 ||   100
 Stab: Sleeping          |       |     2 |       |       |       |       |       |       |       ||     2
       Distracted        |       |       |       |       |       |       |     4 |       |       ||     4
  Eat: Chunk             |     4 |    14 |    45 |    55 |    66 |    98 |   108 |    77 |    46 ||   513
       Bread ration      |       |     1 |       |       |     1 |       |     5 |       |     3 ||    10
       Pizza             |       |     1 |     1 |     1 |     2 |     4 |       |       |     1 ||    10
       Royal jelly       |       |       |     1 |       |     5 |     1 |       |       |       ||     7
       Beef jerky        |       |       |       |     1 |    10 |     3 |     3 |       |     1 ||    18
       Fruit             |       |       |       |       |     1 |     2 |     5 |       |     1 ||     9
